 Dungeon Sprint DCSS version 0.22.1-1-ga44c0e56f4 (webtiles) character file.

163 KleinerIrrer the Martial Artist (level 5, -3/36 HPs)
             Began as an Octopode Monk on Nov 2, 2018.
             Slain by a hellwing (7 damage)
             ... summoned by a kobold demonologist
             ... in the Dungeon (Sprint III: "The Ten Rune Challenge").
             The game lasted 00:01:26 (400 turns).

KleinerIrrer the Martial Artist (Octopode Monk)      Turns: 400, Time: 00:01:26

Health: -3/36      AC:  4    Str: 10    XL:     5   Next: 44%
Magic:  5/5        EV: 14    Int: 12    God:
Gold:   17         SH:  0    Dex: 16    Spells: 4/4 levels left

rFire    . . .     SeeInvis .     - Unarmed
rCold    . . .     Gourm    .   (no shield)
rNeg     . . .     Faith    .   (helmet restricted)
rPois    .         Spirit   .   (no amulet)
rElec    .         Reflect  .   (no ring)
rCorr    .         Harm     .   (no ring)
MR       .....     NoTele   +   (no ring)
Stlth    +++.......             (no ring)
HPRegen  0.52/turn              (no ring)
MPRegen  0.09/turn              (no ring)
                                (no ring)
                                (no ring)

@: no status effects
A: almost no armour, stealthy swim, amphibious, 8 rings, constrict 8, yellow
scales 2, camouflage 1, regeneration 1, wild magic 1, gelatinous body 1
a: no special abilities


You were in the Dungeon.
You were not hungry.

You visited 1 branch You collected 17 gold pieces.

Inventory:

Scrolls
 g - a scroll of blinking
 i - 2 scrolls of identify {unknown}
 k - 2 scrolls of holy word {unknown}
 l - a scroll of fog {unknown}
 n - 2 scrolls of immolation {unknown}
 o - a scroll of remove curse {unknown}
Potions
 b - a potion of curing
 c - a potion of heal wounds
 d - a potion of haste
 e - 2 potions of magic
 f - a potion of berserk rage
 j - 4 potions of mutation
 m - a potion of flight {unknown}
 p - a potion of lignification {unknown}
Comestibles
 a - 3 rations
 h - 6 chunks of flesh


   Skills:
 - Level 3.0 Fighting
 - Level 3.0 Dodging
 - Level 2.6 Stealth
 + Level 10.9 Unarmed Combat


You had 4 spell levels left.
You didn't know any spells.
Your spell library was empty.

Dungeon Overview and Level Annotations

Branches:
Dungeon (1/1)

Altars:
Kikubaaqudgha
Sif Muna
Vehumet


Innate Abilities, Weirdness & Mutations

You cannot wear most types of armour.
You are very stealthy in the water. (Stealth+)
You are amphibious.
You can wear up to eight rings at the same time.
You can use your tentacles to constrict eight enemies at once.
Your skin changes colour to match your surroundings (Stealth+).
Your rubbery body absorbs attacks. (AC +1, EV +1)
You are mostly covered in yellow scales. (AC +3)
Your natural rate of healing is unusually fast.
Your spells are a little harder to cast, but a little more powerful.


Message History

You tentacle-slap the wizard. You grab the wizard.
The wizard is lightly wounded.
You constrict the wizard.
The kobold demonologist gestures wildly while chanting.
The wizard hits you but does no damage.
You tentacle-slap the wizard.
The wizard is heavily wounded.
You constrict the wizard. The wizard misses you.
You tentacle-slap the wizard but do no damage.
The wizard is severely wounded.
You constrict the wizard. The hellwing hits you! The hellwing hits you.
You bludgeon the wizard!
You kill the wizard!
The kobold demonologist mumbles some strange words.
The hellwing hits you. The hellwing closely misses you.
The kobold demonologist casts a spell.
The hellwing hits you!
* * * LOW HITPOINT WARNING * * *
The hellwing hits you!
You die...

###....♣.♣ ♣♣.#
..#...)≈♣♣♣♣..###+#+###
..#...≈≈♣♣....#........
..#..≈≈≈≈♣♣♣..'.⌠......
#'#..≈≈≈≈≈≈...#...####
..#.≈≈≈≈≈≈....#.⌠.#
.)#.≈≈≈≈≈.....#...#
..#.≈≈≈.......#4###
###...........#4@:#
.÷............#K55#
▓▓▓▓▓▓▓▓▓▓▓▓▓▓▓▓▓▓▓


You could see a hellwing, a kobold demonologist, a chaos spawn, a quasit and a
white imp.

Vanquished Creatures
  A water elemental (D)
  A wizard (D)
  Crazy Yiuf (D)
  Jessica (D)
  A human (D)
  3 rats (D)
8 creatures vanquished.

Vanquished Creatures (others)
  2 draconian scorchers (D)
  6 hellions (D)
  2 yaktaurs (D)
10 creatures vanquished.

Grand Total: 18 creatures vanquished

Notes
Turn   | Place    | Note
-------+----------+-------------------------------------------
     0 | D        | KleinerIrrer the Octopode Monk began the quest for the Orb.
     0 | D        | Reached XP level 1. HP: 16/16 MP: 1/1
    18 | D        | Noticed Jessica
    24 | D        | Killed Jessica
    24 | D        | Reached skill level 6 in Unarmed Combat
    24 | D        | Reached XP level 2. HP: 4/21 MP: 2/2
    24 | D        | Reached XP level 3. HP: 5/26 MP: 3/3
    24 | D        | Killed a yaktaur
   128 | D        | Killed a hellion
   128 | D        | Killed a hellion
   128 | D        | Killed a hellion
   129 | D        | Killed a hellion
   144 | D        | Killed a hellion
   161 | D        | Killed a yaktaur
   193 | D        | Killed a white draconian scorcher
   217 | D        | Killed a white draconian scorcher
   319 | D        | Killed a hellion
   331 | D        | Reached skill level 7 in Unarmed Combat
   339 | D        | Noticed Crazy Yiuf
   347 | D        | Killed Crazy Yiuf
   347 | D        | Reached skill level 8 in Unarmed Combat
   347 | D        | Reached XP level 4. HP: 31/31 MP: 4/4
   365 | D        | Gained mutation: You are partially covered in yellow
                  | scales. (AC +2) [potion of mutation]
   365 | D        | Gained mutation: Scrolls take you a little longer to read.
                  | [potion of mutation]
   365 | D        | Gained mutation: You have an increased reservoir of magic.
                  | (+10% MP) [potion of mutation]
   366 | D        | Lost mutation: You have an increased reservoir of magic.
                  | (+10% MP) [potion of mutation]
   366 | D        | Lost mutation: Scrolls take you a little longer to read.
                  | [potion of mutation]
   366 | D        | Gained mutation: Your spells are a little harder to cast,
                  | but a little more powerful. [potion of mutation]
   366 | D        | Gained mutation: You are mostly covered in yellow scales.
                  | (AC +3) [potion of mutation]
   366 | D        | Gained mutation: Your natural rate of healing is unusually
                  | fast. [potion of mutation]
   381 | D        | Noticed a water elemental
   389 | D        | Killed a water elemental
   389 | D        | Reached skill level 10 in Unarmed Combat
   389 | D        | Reached XP level 5. HP: 36/36 MP: 5/5
   394 | D        | Found a radiant altar of Vehumet.
   395 | D        | Found a deep blue altar of Sif Muna.
   395 | D        | Found an ancient bone altar of Kikubaaqudgha.
   397 | D        | Noticed a hellwing
   400 | D        | Slain by a hellwing

Skill      XL: |  1  2  3  4 |
---------------+-------------+-----
Unarmed Combat | 6 8 10 | 10.9
Fighting       | |  3.0
Dodging        | |  3.0
Stealth        | |  2.6

Action                   |  1- 3 |  4- 6 || total
-------------------------+-------+-------++-------
Melee: Unarmed           |    16 |    11 ||    27
       Constrict         |     5 |     1 ||     6
       Tentacles         |     5 |     1 ||     6
       Punch             |     1 |       ||     1
  Use: Potion            |       |     2 ||     2
 Stab: Sleeping          |     1 |     1 ||     2
Armor: Skin              |       |     1 ||     1
Dodge: Dodged            |     7 |     7 ||    14
